 Dungeon Crawl Stone Soup version 0.22-a0-247-gbddf880 (webtiles) character file.

747 Amnesiac the Chucker (level 7, 0/74 HPs)
             Began as an Ogre Fighter on Feb 24, 2018.
             Was a Follower of Okawaru.
             Slain by an orc priest
             ... wielding a +0 short sword
              (8 damage)
             ... on level 3 of the Dungeon.
             The game lasted 00:08:49 (4207 turns).

Amnesiac the Chucker (Ogre Fighter)                 Turns: 4207, Time: 00:08:50

Health: 0/74       AC:  3    Str: 23    XL:     7   Next: 77%
Magic:  8/8        EV:  8    Int:  9    God:    Okawaru [*.....]
Gold:   148        SH:  8    Dex:  8    Spells: 6/6 levels left

rFire    . . .     SeeInvis .   b - +0 hunting sling
rCold    . . .     Gourm    .   c - +0 shield
rNeg     . . .     Faith    .   s - +0 robe
rPois    .         Spirit   .   (helmet restricted)
rElec    .         Reflect  .   (no cloak)
rCorr    .         Harm     .   (gloves unavailable)
MR       .....                  (boots unavailable)
Stlth    +.........             (no amulet)
HPRegen  0.22/turn              (no ring)
MPRegen  0.11/turn              (no ring)

@: no status effects
A: large, unfitting armour, tough skin 1
a: Heroism, Renounce Religion


You were on level 3 of the Dungeon.
You worshipped Okawaru.
Okawaru was aware of your devotion.
You were not hungry.

You visited 2 branches of the dungeon, and saw 5 of its levels.

You collected 148 gold pieces.

Inventory:

Hand Weapons
 a - a +1 trident
 b - a +0 hunting sling (weapon)
 r - a +0 hand axe of draining
Missiles
 g - 77 stones (quivered)
 l - 20 poisoned needles
Armour
 c - a +0 shield (worn)
 o - a cursed +0 cloak
 s - a +0 robe (worn)
Jewellery
 q - an uncursed ring of teleportation
Wands
 t - a wand of enslavement (8)
Scrolls
 e - 2 scrolls of magic mapping {!r}
 j - 2 scrolls of remove curse {!r}
 k - a scroll of fog {!r, unknown}
 m - a scroll of teleportation {!r}
 n - 2 scrolls of identify {!r, unknown}
 w - a scroll of enchant armour {!r, unknown}
Potions
 d - a potion of might {!q}
 h - a potion of curing {!q, unknown}
 i - a potion of heal wounds {!q, unknown}
 p - a potion of lignification {!q, unknown}
 u - 2 potions of agility {!q, unknown}
Comestibles
 f - 7 rations
 v - 8 chunks of flesh


   Skills:
 + Level 5.7 Fighting
 - Level 2.0 Polearms
 * Level 7.3 Throwing
 - Level 2.6 Dodging
 - Level 2.6 Shields
 + Level 1.8 Invocations


You had 6 spell levels left.
You didn't know any spells.

Dungeon Overview and Level Annotations

Branches:
Dungeon (4/15)             Temple (1/1) D:4

Altars:
Dithmenos
Elyvilon
Fedhas
Makhleb
Okawaru
Qazlal
Sif Muna
Uskayaw
Zin


Innate Abilities, Weirdness & Mutations

You are too large for most types of armour.
You have tough skin. (AC +1)


Message History

The orc priest hits you with a short sword.
The orc barely misses you.
Firing (i - inventory)
g - 82 stones (quivered)
Press: ? - help, Shift-Dir - straight line, f/p - orc priest
Aim: an orc priest, wielding a short sword and wearing a leather armour You shoot a stone.
The stone hits the orc priest but does no damage.
The orc priest hits you with a short sword.
You block the orc's attack.
The orc priest hits you with a short sword.
Unknown command.
Firing (i - inventory)
g - 81 stones (quivered)
Press: ? - help, Shift-Dir - straight line, f - orc, p - orc priest
Aim: an orc, wielding a flail of crushing and wearing a chain mail You shoot a stone.
The stone barely misses the orc.
The orc closely misses you.
The orc priest mumbles some strange prayers to Beogh against you.
Beogh smites you!
Firing (i - inventory)
g - 80 stones (quivered)
Press: ? - help, Shift-Dir - straight line, f/p - orc
Aim: an orc, wielding a flail of crushing and wearing a chain mail You shoot a stone.
The stone barely misses the orc.
The orc hits you with a flail of crushing.
You block the orc priest's attack.
Firing (i - inventory)
g - 79 stones (quivered)
Press: ? - help, Shift-Dir - straight line, f/p - orc
Aim: an orc, wielding a flail of crushing and wearing a chain mail You shoot a stone.
The stone closely misses the orc.
The orc priest hits you with a short sword.
The orc hits you with a flail of crushing!
* * * LOW HITPOINT WARNING * * *
x2 Firing (i - inventory)
g - 78 stones (quivered)
Press: ? - help, Shift-Dir - straight line, f/p - orc
Aim: an orc, wielding a flail of crushing and wearing a chain mail You shoot a stone.
The stone barely misses the orc.
The orc priest hits you with a short sword.
* * * LOW HITPOINT WARNING * * *
The orc hits you with a flail of crushing!
* * * LOW HITPOINT WARNING * * *
x2 Unknown command.
That item cannot be evoked!
Unknown command.
Evoke which item? (* to show all) (? for menu, Esc to quit)
Aiming: Enslavement
Press: ? - help, Shift-Dir - straight line, f/p - orc
Aim: an orc, wielding a flail of crushing and wearing a chain mail (chance to defeat MR: 63%)
The orc resists with significant effort.
The orc priest hits you with a short sword!
* * * LOW HITPOINT WARNING * * *
The orc barely misses you.
Evoke which item? (* to show all) (? for menu, Esc to quit)
Aiming: Enslavement
Press: ? - help, Shift-Dir - straight line, f/p - orc
Aim: an orc, wielding a flail of crushing and wearing a chain mail (chance to defeat MR: 63%)
The orc resists with significant effort.
The orc priest hits you with a short sword.
* * * LOW HITPOINT WARNING * * *
Evoke which item? (* to show all) (? for menu, Esc to quit)
Aiming: Enslavement
Press: ? - help, Shift-Dir - straight line, f/p - orc
Aim: an orc, wielding a flail of crushing and wearing a chain mail (chance to defeat MR: 63%)
The orc resists with significant effort.
You block the orc's attack.
The orc priest hits you with a short sword!
You die...

#####################
####...oo...............
#######......@................
#.....#.##._..################
#.###.#.####...# #
#.#<..#)####...# #
#)#....).......# #
#..)...........# #
###..........### #
#..........# # #..........# #


You could see an orc priest and an orc.

Vanquished Creatures
  Sigmund (D:2)
  A phantom (Temple)
  An ogre (D:4)
  A scorpion (D:4)
  An orc priest (D:3)
  3 hounds (D:4)
  Jessica (D:2)
  An orc wizard (D:4)
  Robin (D:1)
  7 adders
  3 dart slugs (D:1)
  4 leopard geckos
  11 orcs
  5 bats
  8 giant cockroaches
  16 goblins
  11 hobgoblins
  8 jackals
  A quokka (D:3)
  A ball python (D:3)
  2 frilled lizards
  4 kobolds
  A leopard gecko skeleton (D:4)
  8 rats
101 creatures vanquished.

Notes
Turn   | Place    | Note
-------+----------+-------------------------------------------
     0 | D:1      | Amnesiac the Ogre Fighter began the quest for the Orb.
     0 | D:1      | Reached XP level 1. HP: 24/24 MP: 1/1
    56 | D:1      | Reached skill level 1 in Throwing
    98 | D:1      | Reached XP level 2. HP: 32/32 MP: 2/2
   261 | D:1      | Reached skill level 2 in Throwing
   414 | D:2      | Noticed Jessica
   423 | D:2      | Killed Jessica
   423 | D:2      | Reached skill level 3 in Throwing
   423 | D:2      | Reached XP level 3. HP: 15/39 MP: 3/3
   579 | D:3      | Reached skill level 4 in Throwing
   579 | D:3      | Reached XP level 4. HP: 25/48 MP: 4/4
  1022 | D:3      | Reached XP level 5. HP: 40/54 MP: 5/5
  1210 | D:3      | Found a faded altar of an unknown god.
  1319 | D:3      | Found a deep blue altar of Sif Muna.
  1343 | D:4      | Found a staircase to the Ecumenical Temple.
  1354 | D:4      | Noticed a phantom
  1359 | Temple   | Entered the Ecumenical Temple
  1392 | Temple   | Became a worshipper of Warmaster Okawaru
  1403 | Temple   | Killed a phantom
  1403 | Temple   | Reached skill level 5 in Throwing
  1403 | Temple   | Reached XP level 6. HP: 54/62 MP: 6/6
  2156 | D:2      | Noticed Robin
  2276 | D:1      | Killed Robin
  2404 | D:2      | Noticed Sigmund
  2505 | D:2      | Reached skill level 6 in Throwing
  2541 | D:2      | Killed Sigmund
  2541 | D:2      | Reached * piety under Okawaru
  2541 | D:2      | Reached skill level 5 in Fighting
  2541 | D:2      | Reached XP level 7. HP: 44/72 MP: 7/7
  4036 | D:4      | Reached skill level 7 in Throwing
  4036 | D:4      | Reached skill level 1 in Invocations
  4207 | D:3      | Slain by an orc priest

Vault maps used:
D:1:      onia_arrival_larder
D:2:      first_ration, uniq_sigmund, uniq_robin, uniq_jessica
D:3:      overflow_temple_1_default, chequers_ecumenical_altar_simple
D:4:      minmay_temple_entry_trees, serial_shops, kennysheep_mini
Temple:   regret_index_temple_sphere_string

Skill      XL: |  1  2  3  4  5  6  7 |
---------------+----------------------+-----
Throwing       | 1 3 4 5 6 7 |  7.3
Fighting       | 5 |  5.7
Invocations    | 1 |  1.8
Polearms       | |  2.0
Dodging        | |  2.6
Shields        | |  2.6

Action                   |  1- 3 |  4- 6 |  7- 9 || total
-------------------------+-------+-------+-------++-------
Melee: Trident           |    80 |   149 |    52 ||   281
 Fire: Hunting sling     |       |    30 |    90 ||   120
Evoke: Wand              |     4 |    36 |     3 ||    43
  Use: Scroll            |       |     5 |       ||     5
 Stab: Sleeping          |     4 |     1 |       ||     5
  Eat: Chunk             |       |     6 |     5 ||    11
Armor: Robe              |    21 |    47 |    15 ||    83
Dodge: Dodged            |    18 |    64 |    38 ||   120
Block: Shield            |    25 |    78 |    64 ||   167

Table legend:
 A = Spawn XP
 B = Non-spawn XP
 C = Spawn XP percentage of total XP
 D = Spawn monster count
 E = Non-spawn monster count
 F = Spawn count percentage of total count
 G = Total turns spent on level
                    A         B        C        D         E        F      G
               +---------+---------+-------+---------+---------+-------+---------
         Total |       0 |    1068 |   0.0 |       0 |     101 |   0.0 |  4207
               +---------+---------+-------+---------+---------+-------+---------
           D:1 |       0 |      68 |   0.0 |       0 |      22 |   0.0 |  1120
           D:2 |       0 |     340 |   0.0 |       0 |      30 |   0.0 |  1274
           D:3 |       0 |     175 |   0.0 |       0 |      39 |   0.0 |  1464
           D:4 |       0 |     360 |   0.0 |       0 |       9 |   0.0 |   277
        Temple |       0 |     125 |   0.0 |       0 |       1 |   0.0 |    72
               +---------+---------+-------+---------+---------+-------+---------
